Map: Ruins of Endion

Players

hinOismad - Winner!

  • Race: Zerg Zerg
  • League: Grandmaster

Miszu

  • Race: Terran Terran
  • League: Grandmaster

VOD

Have the link to the VOD?

Description

Time

  • Played on: May 23, 2016, 3:28 p.m.
  • Length: 10:07
Show
View Real Time Build Order
Export as new Build Order

hinOismad Zerg - Winner!

Build Orders: Hatch First 

Get SALT Encoding   

  12  0:00  Drone  
  13  0:08  Drone  
  14  0:17  Overlord  
  14  0:23  Extractor, Drone  
  15  0:36  Drone x2  
  17  0:52  Hatchery  
  17  0:55  Drone  
  17  1:01  Drone  
  17  1:03  Extractor  
  17  1:14  Spawning Pool  
  17  1:17  Drone  
  17  1:21  Drone  
  18  1:27  Drone  
  19  1:39  Overlord  
  19  1:48  Drone  
  20  1:59  Drone  
  20  2:01  Queen  
  21  2:06  Metabolic Boost, Zergling x2  
  24  2:09  Zergling x2  
  24  2:12  Queen  
  27  2:16  Drone  
  27  2:21  Drone  
  29  2:27  Drone  
  30  2:33  Spore Crawler  
  30  2:34  Drone  
  30  2:40  Drone  
  30  2:42  Drone  
  33  2:45  Extractor  
  33  2:49  Drone  
  33  2:54  Overlord  
  34  3:04  Drone x2  
  36  3:09  Drone, Hatchery  
  36  3:16  Drone  
  36  3:17  Overlord  
  36  3:18  Drone x2  
  39  3:22  Roach Warren  
  39  3:24  Drone x3  
  41  3:29  Drone x2  
  43  3:37  Drone  
  43  3:39  Queen  
  44  3:42  Zergling x2  
  44  3:43  Zergling x4  
  44  3:44  Zergling x2  
  44  3:47  Overlord  
  48  3:52  Zergling x2  
  48  3:55  Zergling x6  
  52  3:58  Extractor  
  51  4:05  Overlord  
  51  4:07  Roach  
  53  4:10  Extractor, Roach  
  53  4:15  Roach x3  
  60  4:22  Overlord  
  60  4:24  Drone x3  
  62  4:26  Drone x2  
  65  4:33  Drone x3  
  68  4:40  Drone  
  68  4:43  Lair  
  69  4:49  Drone x4  
  69  4:52  Extractor  
  72  4:59  Spore Crawler  
  68  5:03  Ravager x3  
  68  5:06  Drone x5, Spore Crawler x2  
  74  5:13  Queen  
  76  5:17  Overlord  
  76  5:20  Drone x2  
  77  5:25  Drone x2  
  79  5:29  Overlord  
  79  5:34  Ravager x2  
  80  5:42  Drone x6  
  85  5:47  Drone  
  85  5:48  Queen  
  88  5:52  Infestation Pit  
  88  5:56  Overlord x2  
  87  6:00  Drone x2  
  87  6:03  Overlord  
  89  6:04  Extractor  
  89  6:06  Extractor  
  87  6:14  Overlord x2  
  87  6:16  Drone  
  87  6:17  Drone x2  
  90  6:19  Drone x6  
  96  6:31  Overlord x2  
  96  6:41  Drone x2  
  96  6:43  Drone  
  96  6:45  Roach x3  
  96  6:46  Hydralisk Den, Roach  
  106  6:53  Overlord  
  106  6:57  Drone  
  106  6:59  Spire  
  106  7:03  Drone  
  106  7:04  Drone x6  
  113  7:16  Overlord x2  
  113  7:18  Drone x2  
  113  7:19  Drone  
  116  7:25  Hatchery  
  113  7:40  Extractor  
  113  7:44  Extractor  
  111  7:50  Drone x2  
  110  8:17  Corruptor x11  
  110  8:19  Corruptor x5  
  136  8:22  Hive, Hydralisk  
  136  8:23  Hydralisk x3  
  146  8:29  Overseer  
  145  8:35  Overlord x2  
  145  8:36  Overlord  
  145  8:44  Drone x4  
  145  8:45  Drone x2  
  145  8:46  Overlord x2  
  165  8:55  Roach x7  
  165  8:59  Corruptor  
  167  9:05  Roach x2  
  169  9:10  Roach x4  
  177  9:23  Roach x8  
  187  9:31  Drone x2  
  187  9:32  Drone  
Show
View Real Time Build Order
Export as new Build Order

Miszu Terran 

Build Orders: Reaper Expand, Hellion Banshee 

Get SALT Encoding   

  12  0:01  SCV  
  13  0:13  SCV  
  14  0:18  Supply Depot  
  14  0:25  SCV  
  15  0:39  SCV  
  15  0:40  Barracks  
  16  0:44  Refinery  
  16  0:51  SCV  
  17  1:03  SCV  
  18  1:15  SCV  
  19  1:28  Reaper, Orbital Command  
  20  1:40  Command Center  
  20  1:50  Supply Depot  
  20  1:53  SCV  
  21  2:00  Marine  
  22  2:08  SCV  
  23  2:15  Factory  
  23  2:18  Refinery  
  23  2:20  SCV  
  24  2:23  Barracks Reactor  
  24  2:32  SCV  
  25  2:44  SCV  
  25  2:52  Orbital Command  
  25  2:56  SCV  
  26  2:59  Starport  
  26  3:04  Barracks Tech Lab  
  26  3:05  Hellion x2  
  30  3:08  SCV  
  31  3:18  SCV  
  32  3:20  SCV  
  32  3:26  Hellion  
  32  3:27  Hellion  
  37  3:30  Barracks Reactor, SCV  
  37  3:32  SCV  
  39  3:42  SCV  
  39  3:44  Command Center  
  39  3:46  Banshee  
  44  3:48  SCV  
  44  3:54  Supply Depot  
  44  3:59  Refinery  
  44  4:00  SCV x2  
  44  4:01  Refinery  
  46  4:11  Armory  
  46  4:15  SCV  
  46  4:16  SCV  
  48  4:18  Supply Depot  
  48  4:22  Liberator x2  
  48  4:24  Hellion x2  
  52  4:28  SCV x2  
  54  4:40  SCV x2  
  62  4:51  Supply Depot  
  62  4:55  SCV  
  63  5:01  SCV  
  63  5:05  Liberator x2, Orbital Command  
  63  5:07  Terran Ship Weapons Level 1, SCV  
  64  5:13  Supply Depot, SCV  
  66  5:19  SCV  
  67  5:22  Supply Depot  
  67  5:25  SCV  
  74  5:32  SCV  
  75  5:37  SCV  
  75  5:39  Orbital Command  
  76  5:44  SCV  
  76  5:46  Starport  
  76  5:48  Starport  
  76  5:49  SCV  
  78  5:50  Fusion Core  
  78  5:51  Supply Depot  
  78  5:52  Supply Depot  
  78  5:56  SCV  
  79  6:01  SCV  
  79  6:02  Liberator  
  79  6:03  Liberator  
  80  6:05  Refinery x2, Hellion x2  
  80  6:08  SCV  
  85  6:11  SCV  
  85  6:13  SCV  
  87  6:20  SCV  
  87  6:23  SCV  
  95  6:25  SCV  
  96  6:35  Starport Tech Lab  
  96  6:36  Banshee  
  96  6:39  Hellion x2, SCV x3  
  106  6:41  Supply Depot  
  106  6:42  Supply Depot  
  106  6:43  Supply Depot  
  106  6:45  Supply Depot  
  106  6:51  SCV x2  
  108  6:56  Liberator  
  108  6:58  Cloaking Field, Banshee  
  108  7:00  Hyperflight Rotors  
  108  7:01  SCV  
  112  7:03  SCV x2  
  114  7:13  SCV  
  114  7:15  SCV  
  122  7:16  SCV  
  122  7:19  Supply Depot x2, Banshee  
  126  7:25  SCV, Terran Ship Weapons Level 2  
  126  7:27  Liberator  
  121  7:33  Supply Depot, SCV x2  
  123  7:37  SCV  
  123  7:41  Banshee  
  130  7:47  Liberator  
  130  7:48  Supply Depot, Starport x2  
  130  7:49  Engineering Bay  
  130  7:50  Supply Depot  
  130  7:52  Command Center  
  127  8:05  Banshee  
  133  8:08  Supply Depot  
  133  8:09  Hellion x10  
  133  8:21  Hellion  
  133  8:22  Hellion  
  133  8:24  Supply Depot x2  
  137  8:27  Banshee  
  137  8:28  Liberator  
  140  8:45  Liberator  
  143  8:52  Starport Tech Lab x2  
  143  8:53  Command Center  
  143  8:54  Command Center  
  146  8:56  Refinery  
  149  9:04  Refinery  
  149  9:06  Liberator  
  139  9:36  Missile Turret  
  139  9:37  Missile Turret  
Tags
 
Add a new tag
Caveats
  • Supply blocks, unpowered buildings, or Contaminate may cause inaccurate times.
  • Supply counts are checked every 10 seconds.